 Dungeon Crawl Stone Soup version 0.29.1-15-g9cfb28693d (webtiles) character file.

Game seed: 12831252803526785928

60 Ralidor the Trooper (level 4, 0/49 HPs)
             Began as an Ogre Berserker on Apr 9, 2023.
             Was a Believer of Trog.
             Slain by a jelly (2 damage)
             ... on level 3 of the Dungeon.
             The game lasted 00:23:12 (2202 turns).

Ralidor the Trooper (Ogre Berserker)                Turns: 2202, Time: 00:23:13

Health: 0/49       AC: -1    Str: 23    XL:     4   Next: 6%
Magic:  4/4        EV: 10    Int:  8    God:    Trog [**....]
Gold:   55         SH:  0    Dex:  8    Spells: 3/3 levels left

rFire   . . .      SeeInvis .   a - +0 hand axe
rCold   . . .      Faith    .   (no shield)
rNeg    . . .      Spirit   .   b - +0 animal skin
rPois   .          Reflect  .   (helmet restricted)
rElec   .          Harm     .   (no cloak)
rCorr   .          Rampage  .   (gloves unavailable)
Will    ++...                   (boots unavailable)
Stlth   +.........              (no amulet)
HPRegen 1.16/turn               (no ring)
MPRegen 0.09/turn               (no ring)

@: strong-willed, corroded, regenerating
A: large, unfitting armour, tough skin 1
a: Renounce Religion, Berserk, Trog's Hand


You were on level 3 of the Dungeon.
You worshipped Trog.
Trog was pleased with you.
You visited 1 branch of the dungeon, and saw 3 of its levels.

You collected 55 gold pieces.

Inventory:

Hand Weapons
 a - a +0 hand axe (weapon)
Armour
 b - a +0 animal skin (worn)
Scrolls
 c - 2 scrolls of teleportation {unknown}
 g - a scroll of fear
 h - a scroll of fog {unknown}
 j - 2 scrolls of blinking {unknown}
Potions
 d - a potion of resistance {unknown}
 e - a potion of ambrosia {unknown}
 f - a potion of mutation {unknown}
 i - a potion of magic
 k - 2 potions of haste {unknown}


   Skills:
 + Level 4.7 Fighting
 + Level 3.9 Axes
 + Level 3.2 Dodging
 + Level 0.1 Stealth


You had 3 spell levels left.
You didn't know any spells.
Your spell library contained the following spells:

 Spells                   Type           Power      Damage    Failure   Level
 Gell's Gravitas          Tloc           0%         N/A       78%         3
 Teleport Other           Tloc           0%         N/A       78%         3
 Dispersal                Tloc           0%         N/A       100%        6


Dungeon Overview and Level Annotations

Branches:
Dungeon (3/15)

Altars:

Shops:
D:2 !   D:3 [(


Innate Abilities, Weirdness & Mutations

You are too large for most types of armour.
You have tough skin. (AC +1)


Message History

The quokka bites you but does no damage.
The kobold barely misses you.
You barely miss the quokka.
The quokka is severely wounded.
The quokka closely misses you. The kobold closely misses you.
The quokka bites you.
You slash the quokka!
You kill the quokka!
Trog accepts your kill.
The kobold hits you from afar with a +1 trident of pain.
The kobold throws a stone.
The stone barely misses you.
A jelly comes into view.
The jelly quivers.
The kobold closely misses you. The kobold hits you but does no damage.
You hit the jelly.
Your hands burn!
The jelly is lightly wounded.
You closely miss the kobold.
The kobold hits you with a +1 trident of pain.
The jelly barely misses you.
You hit the jelly. The acid corrodes you!
Your hands burn!
The jelly is moderately wounded.
You hit the kobold.
You kill the kobold!
Trog accepts your kill. The jelly barely misses you.
You hit the jelly. The acid corrodes you!
Your hands burn!
The jelly is moderately wounded.
The jelly hits you.
You are splashed with acid.
You hit the jelly.
Your hands burn!
* * * LOW HITPOINT WARNING * * *
The jelly is moderately wounded.
The jelly hits you.
* * * LOW HITPOINT WARNING * * *
You are splashed with acid!
* * * LOW HITPOINT WARNING * * *
Your skin crawls.
You feel strong-willed. The jelly hits you.
You die...

.. .. < .### .. ...#..
##### .... ##(..##
##..##
##.....######J)..#
####.....).#....@#
#......∩.....#####
..##........##
.####....†### #### .) .#
##...## ... ###.. ##
##.#.## ..# .#... #
#....##.#########.>.# #
#######....#.......#....
# #........###.........#


You could see a jelly.

Vanquished Creatures
  An adder (D:2)
  3 dart slugs
  5 endoplasms
  A giant cockroach (D:2)
  2 hobgoblins
  5 jackals
  2 quokkas
  3 ball pythons (D:1)
  5 bats (D:1)
  5 frilled lizards
  4 goblins
  5 kobolds
  3 rats
44 creatures vanquished.

Notes
Turn   | Place    | Note
-------+----------+-------------------------------------------
     0 | D:1      | Ralidor the Ogre Berserker began the quest for the Orb.
     0 | D:1      | Reached XP level 1. HP: 24/24 MP: 1/1
   161 | D:1      | Reached XP level 2. HP: 20/32 MP: 2/2
   523 | D:1      | Found a faded altar of an unknown god.
   588 | D:1      | Reached ** piety under Trog
   710 | D:1      | Reached XP level 3. HP: 39/40 MP: 3/3
  1288 | D:2      | Found Ahuri's Distillery.
  1795 | D:2      | Reached XP level 4. HP: 27/49 MP: 4/4
  2134 | D:3      | Found Dost's Weapon Shop.
  2139 | D:3      | Found Tuemaf's Armour Emporium.
  2201 | D:3      | HP: 1/49 [acid (11)]
  2202 | D:3      | Slain by a jelly

Illustrated notes

Levels and vault maps discovered:
D:1:      eino_arrival_cavern_a, layout_loops_ring,
          shapermc_ecumenical_altar_petra, minmay_surrounded
D:2:      minmay_general_purpose_star, layout_rooms, serial_shops,
          nicolae_square_shop, serial_curves, eino_curves_03, eino_curves_02,
          uniq_robin, uniq_jessica
D:3:      layout_rooms, serial_shops, shop, nicolae_shop_bloodbath_and_beyond,
          nicolae_shop_temple_entry_statues_fountains, nicolae_shop_stone,
          nicolae_shop_statue_plus

Skill      XL: |  1  2  3 |
---------------+----------+-----
Dodging        | 3 |  3.2
Fighting       | |  4.7
Axes           | |  3.9
Stealth        | |  0.1

Action                   |  1- 3 |  4- 6 || total
-------------------------+-------+-------++-------
Melee: Hand axe          |   105 |     8 ||   113
       Punch             |     1 |       ||     1
Invok: Berserk           |     1 |       ||     1
       Trog's Hand       |       |     1 ||     1
  Use: Scroll            |     2 |     1 ||     3
Armor: Animal skin       |    34 |     4 ||    38
Dodge: Dodged            |    43 |     7 ||    50
